 Dungeon Crawl Stone Soup version bcrawl-1.40.3b (webtiles) character file.

Game seed: 5709459217290662495

226527 PlayerOfArmor the Fighter (level 8, -3/79 HPs)
             Began as a Hill Orc Fighter on Mar 21, 2024.
             Was a Priest of Uskayaw.
             Slain by an orc warrior
             ... wielding a cursed +0 glaive
              (12 damage)
             ... on level 6 of the Dungeon.
             The game lasted 00:09:11 (6034 turns).

PlayerOfArmor the Fighter (Hill Orc Fighter)        Turns: 6034, Time: 00:09:12

Health: -3/79      AC: 12    Str: 21    XL:     8   Next: 91%
Magic:  8/8        EV:  1    Int:  8    God:    Uskayaw [***...]
Gold:   292        SH:  0    Dex: 10    Spells: 7/7 levels left

rFire    . . .     GDR:     25% s - +0 morningstar
rCold    . . .     SeeInvis .   c - +0 medium shield
rNeg     . . .     Gourm    .   h - +0 plate armour
rPois    +         Faith    .   (no helmet)
rElec    .         Spirit   .   (no cloak)
rCorr    .         Reflect  .   (no gloves)
MR       .....                  n - +0 pair of boots
Stlth    ..........             (no amulet)
HPRegen  0.23/turn              r - ring of poison resistance
MPRegen  0.11/turn              (no ring)

@: confused
A: no striking features
a: Stomp, Line Pass, Renounce Religion


You were on level 6 of the Dungeon.
You worshipped Uskayaw.
Uskayaw was noncommittal.
You were hungry.

You visited 2 branches of the dungeon, and saw 7 of its levels.

You collected 292 gold pieces.

Inventory:

Hand Weapons
 s - a +0 morningstar (weapon)
Armour
 c - a +0 medium shield (worn)
 h - a +0 plate armour (worn)
 n - a +0 pair of boots (worn)
Jewellery
 r - a ring of poison resistance (left hand)
 x - the ring "Zufuc" {Fire +Blink Stlth+, unknown}
   (You found it on level 6 of the Dungeon)

   [ring of fire]

   It enhances your fire magic.
   It protects you from fire.
   It makes you vulnerable to cold.
   It lets you blink.
   It makes you more stealthy.
Scrolls
 b - 2 scrolls of remove curse {unknown}
 f - a scroll of amnesia {unknown}
 i - a scroll of identify
 j - a scroll of revelation {unknown}
 k - 2 scrolls of fear {unknown}
 l - a scroll of teleportation {unknown}
 m - 2 scrolls of enchant armour {unknown}
 u - a scroll of immolation {unknown}
 v - a scroll of noise {unknown}
Potions
 a - a potion of flight {unknown}
 d - a potion of might
 g - 2 potions of mutation {unknown}
 o - 3 potions of lignification {unknown}
 p - 2 potions of berserk rage {unknown}
 q - a potion of ambrosia {unknown}
 t - 2 potions of heal wounds {unknown}
Comestibles
 e - 6 rations {!d}
 w - 3 chunks of flesh


   Skills:
 + Level 9.7 Fighting
   Level 9.7 Short Blades
   Level 9.7 Long Blades
   Level 9.7 Axes
   Level 9.7 Maces & Flails
   Level 9.7 Polearms
   Level 9.7 Staves
 - Level 3.2 Armour
 - Level 3.2 Shields
   Level 9.7 Unarmed Combat


You had 7 spell levels left.
You didn't know any spells.
Your spell library was empty.

Dungeon Overview and Level Annotations

Branches:
Dungeon (6/12)             Temple (1/1) D:4

Altars:
Kikubaaqudgha
Lugonu
Makhleb
Nemelex Xobeh
Okawaru
Qazlal
Ru
Trog
Uskayaw
Vehumet
Yredelemnul
Zin

Annotations:
D:6 2 transporters, Returnofthet's ghost, novice VSGl


Message History

The orc wizard mumbles some strange words.
The orc wizard flickers and vanishes!
Deactivating autopickup; reactivate with Ctrl-A.
You sock the orc warrior!
The orc warrior is heavily wounded.
You can now pass through a line of other dancers.
Uskayaw protects you from magical silence.
You hear some strange, mumbled words.
You are confused.
The orc warrior hits you with a cursed +0 glaive!
You barely miss the orc warrior.
The orc warrior is heavily wounded.
Something hits you but does no damage.
The orc warrior hits you with a cursed +0 glaive!!
* * * LOW HITPOINT WARNING * * *
You bump into the rock wall.
Something hits you.
* * * LOW HITPOINT WARNING * * *
Okay, then.
The orc warrior hits you with a cursed +0 glaive!
You die...

#.# .# #.# .# #.#
###### ##.#####
##.###....####....<.
#..รท........#.....#
#.#..)....##.##...#
##.#.#....##.##{.#
##.##......^##.###...
## ###..^<..@o....#
########.##### #...
#####


You could see an orc warrior.

Vanquished Creatures
  A hungry ghost (D:6)
  A sky beast (D:4)
  A necrophage (D:6)
  2 phantoms
  An ogre (D:5)
  3 centaurs
  A howler monkey (D:5)
  2 orc priests (D:6)
  4 crimson imps
  A quasit (D:6)
  6 hounds
  2 orc wizards (D:6)
  Ijyb (D:4)
  An iguana (D:4)
  4 worker ants
  10 adders
  A shadow imp (D:5)
  An ooze (D:3)
  3 adder skeletons
  2 worms (D:2)
  2 dart slugs
  5 leopard geckos
  10 orcs
  4 bats
  2 giant cockroaches
  3 goblins
  5 hobgoblins
  5 jackals
  6 kobolds
  3 quokkas
  4 frilled lizards
  6 rats
103 creatures vanquished.

Notes
Turn   | Place    | Note
-------+----------+-------------------------------------------
     0 | D:1      | PlayerOfArmor the Hill Orc Fighter began the quest for the
                  | Orb.
     0 | D:1      | Reached XP level 1. HP: 19/19 MP: 1/1
   309 | D:1      | Reached XP level 2. HP: 26/26 MP: 2/2
  1045 | D:2      | Found an ancient bone altar of Kikubaaqudgha.
  1102 | D:2      | Reached XP level 3. HP: 24/33 MP: 3/3
  1244 | D:2      | Reached skill level 4 in Fighting
  1909 | D:3      | Found a bloodstained altar of Trog.
  1920 | D:3      | Reached XP level 4. HP: 41/41 MP: 4/4
  2260 | D:3      | Reached skill level 5 in Fighting
  2260 | D:3      | Reached XP level 5. HP: 46/48 MP: 5/5
  2915 | D:4      | Noticed a phantom
  2949 | D:4      | Killed a phantom
  2950 | D:4      | Reached skill level 6 in Fighting
  2950 | D:4      | Reached XP level 6. HP: 37/57 MP: 6/6
  3088 | D:4      | Found a staircase to the Ecumenical Temple.
  3097 | Temple   | Entered the Ecumenical Temple
  3141 | Temple   | Became a worshipper of Uskayaw the Reveler
  3186 | D:4      | Noticed Ijyb
  3300 | D:4      | Reached * piety under Uskayaw
  3307 | D:4      | Killed Ijyb
  3462 | D:4      | Reached ** piety under Uskayaw
  3471 | D:4      | Found a glowing silver altar of Zin.
  3475 | D:4      | Noticed a sky beast
  3492 | D:4      | Killed a sky beast
  3493 | D:4      | Reached XP level 7. HP: 40/64 MP: 3/7
  4237 | D:4      | Reached skill level 7 in Fighting
  4400 | D:5      | Entered Level 5 of the Dungeon
  4563 | D:5      | Reached *** piety under Uskayaw
  4744 | D:5      | Reached skill level 8 in Fighting
  4744 | D:5      | Reached XP level 8. HP: 31/74 MP: 5/8
  5577 | D:6      | Reached skill level 9 in Fighting
  5781 | D:6      | Found a transporter.
  5784 | D:6      | Noticed Returnofthet's ghost (novice VSGl)
  5814 | D:6      | Found a transporter.
  5824 | D:6      | Got a serpentine bronze ring
  6034 | D:6      | Slain by an orc warrior

Skill      XL: |  1  2  3  4  5  6  7  8 |
---------------+-------------------------+-----
Fighting       | 4 5 6 8 9 |  9.7
Short Blades   | |  9.7
Long Blades    | |  9.7
Axes           | |  9.7
Maces & Flails | |  9.7
Polearms       | |  9.7
Staves         | |  9.7
Armour         | |  3.2
Shields        | |  3.2
Unarmed Combat | |  9.7

Action                   |  1- 3 |  4- 6 |  7- 9 || total
-------------------------+-------+-------+-------++-------
Melee: War axe           |   108 |   186 |    36 ||   330
       Unarmed           |       |    12 |       ||    12
       Morningstar       |       |       |   202 ||   202
Invok: Stomp             |       |     1 |     3 ||     4
 Stab: Invisible         |       |     2 |       ||     2
  Eat: Chunk             |     6 |    13 |    17 ||    36
       Ration            |       |       |     2 ||     2
Armor: Scale mail        |     9 |       |       ||     9
       Plate armour      |    60 |   144 |   141 ||   345
Dodge: Dodged            |     5 |    13 |     6 ||    24
Block: Medium shield     |    45 |    88 |   100 ||   233
